Map: Lerilak Crest

Players

FAIRPLAY - Winner!

  • Race: Protoss Protoss

AgCl

  • Race: Protoss Protoss

VOD

Have the link to the VOD?

Description

Time

  • Played on: May 1, 2015, 8:24 p.m.
  • Length: 4:46
Show
View Real Time Build Order
Export as new Build Order

FAIRPLAY Protoss - Winner!

Build Orders:  

Get SALT Encoding   

  12  0:01  Probe  
  13  0:17  Pylon  
  13  0:18  Probe  
  14  0:35  Probe (Chrono Boost)  
  15  0:39  Gateway  
  15  0:45  Probe (Chrono Boost)  
  16  0:50  Assimilator  
  16  0:52  Probe  
  16  0:54  Assimilator  
  18  1:04  Probe (Chrono Boost)  
  18  1:14  Probe (Chrono Boost)  
  19  1:20  Pylon  
  19  1:21  Probe  
  20  1:27  Cybernetics Core  
  20  1:33  Probe  
  21  1:45  Gateway, Probe  
  22  1:57  Probe  
  23  2:04  Adept (Chrono Boost)  
  23  2:05  Warp Gate (Chrono Boost)  
  25  2:09  Probe  
  25  2:13  Pylon  
  26  2:21  Probe  
  27  2:24  Adept (Chrono Boost)  
  29  2:36  Adept (Chrono Boost)  
  32  2:43  Gateway  
  31  2:44  Gateway  
  31  2:55  Probe  
  32  3:07  Probe  
  32  3:10  Pylon  
  33  3:19  Probe  
  34  3:31  Probe  
  35  3:36  Pylon  
  31  3:43  Probe  
  32  3:54  Pylon  
  33  3:55  Probe  
  33  4:02  Adept x2  
  37  4:03  Adept x2  
  37  4:07  Probe  
  40  4:14  Pylon  
  40  4:30  Stalker x4  
Show
View Real Time Build Order
Export as new Build Order

AgCl Protoss 

Build Orders: Nexus First 

Get SALT Encoding   

  12  0:05  Probe  
  13  0:33  Probe  
  14  0:36  Pylon  
  14  0:54  Probe  
  15  1:04  Nexus  
  15  1:06  Probe  
  16  1:18  Probe  
  16  1:25  Gateway  
  17  1:30  Assimilator  
  17  1:31  Probe  
  18  1:43  Probe  
  19  1:55  Probe  
  19  1:56  Pylon  
  20  2:07  Probe (Chrono Boost)  
  22  2:16  Cybernetics Core  
  22  2:18  Probe (Chrono Boost)  
  23  2:23  Probe (Chrono Boost)  
  23  2:27  Pylon  
  23  2:29  Probe (Chrono Boost)  
  24  2:32  Probe (Chrono Boost)  
  24  2:35  Assimilator  
  24  2:36  Probe, Pylon  
  26  2:41  Probe  
  27  2:48  Probe  
  28  2:53  Probe  
  28  3:01  Mothership Core (Chrono Boost)  
  28  3:05  Probe  
  28  3:15  Stalker (Chrono Boost)  
  28  3:17  Probe (Chrono Boost)  
  33  3:28  Probe x2 (Chrono Boost)  
  33  3:34  Probe x2 (Chrono Boost)  
  28  3:37  Robotics Facility  
  28  3:46  Probe  
  29  3:51  Probe  
  30  3:58  Probe  
  30  4:03  Probe (Chrono Boost)  
  29  4:15  Probe (Chrono Boost)  
  29  4:24  Probe (Chrono Boost)  
  28  4:28  Probe  
Tags
 
Add a new tag
Caveats
  • Supply blocks, unpowered buildings, or Contaminate may cause inaccurate times.
  • Supply counts are checked every 10 seconds.